 Dungeon Crawl Stone Soup version 0.24-a0-613-g1ff6aac338 (webtiles) character file.

Game seed: 1468942881882404632, levelgen mode: deterministic

2786 Jorund the Geomancer (level 10, 55/63 HPs)
             Began as a Formicid Earth Elementalist on Sept 11, 2019.
             Quit the game in the Ecumenical Temple.
             The game lasted 00:21:25 (5600 turns).

Jorund the Geomancer (Formicid Earth Elementalist)  Turns: 5600, Time: 00:21:26

Health: 55/63      AC:  5    Str: 17    XL:     10   Next: 1%
Magic:  21/21      EV: 15    Int: 18    God:
Gold:   317        SH:  0    Dex: 13    Spells: 13/24 levels left

rFire    . . .     SeeInvis +   D - +4 hand axe (freeze)
rCold    + + .     Gourm    +   (no shield)
rNeg     . . .     Faith    .   c - +1 robe
rPois    +         Spirit   .   (helmet unavailable)
rElec    .         Reflect  .   w - +0 cloak
rCorr    .         Harm     .   (no gloves)
MR       +....                  v - +0 pair of boots (curse)
Stlth    ++........             C - amulet of the gourmand
HPRegen  0.20/turn              r - ring of poison resistance
MPRegen  0.17/turn              F - ring of Midnight {rC++ EV+3 Str+4 Dex+2}

@: no status effects
A: permanent stasis, dig shafts and tunnels, four strong arms, antennae 3
a: Dig, Shaft Self


You were in the Ecumenical Temple.
You were very full.

You visited 2 branches of the dungeon, and saw 7 of its levels.

You collected 317 gold pieces.

Inventory:

Hand Weapons
 y - a +0 whip of freezing
 D - a +4 hand axe of freezing (weapon)
Missiles
 m - 42 poisoned darts
 x - 13 bolts
 J - 22 stones (quivered)
Armour
 c - a +1 robe (worn)
 v - a cursed +0 pair of boots (worn)
 w - a +0 cloak (worn)
 H - a +2 robe of magic resistance
Jewellery
 f - an uncursed ring of flight
 q - a +4 ring of dexterity
 r - a ring of poison resistance (left hand)
 C - an amulet of the gourmand (around neck)
 F - the ring of Midnight (right hand) {rC++ EV+3 Str+4 Dex+2}
   (You found it on level 5 of the Dungeon)

   [ring of evasion]

   It affects your evasion (+3).
   It affects your strength (+4).
   It affects your dexterity (+2).
   It greatly protects you from cold.
 G - a +3 ring of dexterity
Wands
 l - a wand of flame (31)
 s - a wand of digging (5)
 A - a wand of paralysis (1)
Scrolls
 a - 5 scrolls of remove curse
 i - a scroll of fear
 o - 2 scrolls of immolation
 p - a scroll of enchant armour
Potions
 e - 2 potions of might
 g - a potion of brilliance {unknown}
 h - 2 potions of heal wounds
 j - a potion of ambrosia {unknown}
 k - 2 potions of agility
 n - 4 potions of curing
 t - 2 potions of lignification {unknown}
 u - 3 potions of magic
 z - a potion of flight {unknown}
 B - a potion of mutation {unknown}
 E - 2 potions of resistance {unknown}
 I - a potion of haste {unknown}
Comestibles
 d - 8 rations


   Skills:
 - Level 4.1 Maces & Flails
 - Level 1.7 Dodging
 - Level 2.4 Stealth
 + Level 7.6 Spellcasting
 + Level 6.0 Conjurations
 - Level 1.1 Transmutations
 + Level 9.3 Earth Magic
 - Level 0.2 Evocations


You had 13 spell levels left.
You knew the following spells:

 Your Spells              Type           Power        Failure   Level  Hunger
a - Sandblast             Erth           #####.       1%          1    None
b - Passwall              Tmut/Erth      ####....     1%          2    None
c - Stone Arrow           Conj/Erth      ####..       1%          3    #......
d - Lee's Rapid Deconstr  Erth           #####.....   6%          5    #####..

Your spell library contained the following spells:

 Spells                   Type           Power        Failure   Level  Hunger
 Flame Tongue             Conj/Fire      ###..        3%          1    None
 Throw Flame              Conj/Fire      ###...       4%          2    None
 Conjure Flame            Conj/Fire      ###.....     9%          3    #......
 Petrify                  Tmut/Erth      ####....     12%         4    ###....
 Sticky Flame             Conj/Fire      ###.....     28%         4    ###....
 Inner Flame              Hex/Fire       #.......     30%         3    #......
 Fireball                 Conj/Fire      ###.......   63%         5    #####..


Dungeon Overview and Level Annotations

Branches:
Dungeon (6/15)             Temple (1/1) D:6

Altars:
Cheibriados
Dithmenos
Elyvilon
Fedhas
Makhleb
Ru
Sif Muna
Trog
Uskayaw
Vehumet
Xom
The Shining One


Innate Abilities, Weirdness & Mutations

You cannot be hasted, slowed, berserked, paralysed or teleported.
You can dig through walls and to a lower floor.
Your four strong arms can wield two-handed weapons with a shield.
You have a pair of large antennae on your head. (SInv)


Message History

Eating a chunk of flesh.
You eat the chunk of flesh.
This raw flesh tastes great.
Magic restored.
You open the gate.
Found three altars.
There is an open gate here.
Found a radiant altar of Vehumet.
Found a shimmering blue altar of Sif Muna.
Found a burning altar of Makhleb.
Found a hide-covered altar of Uskayaw.
There is a fountain of clear blue water here.
Found a sacrificial altar of Ru.
Found a white marble altar of Elyvilon and a bloodstained altar of Trog.
There is a fountain of clear blue water here.
There is a sacrificial altar of Ru here.
Search for what [? for help]? altar Saving game... please wait.
Welcome back, Jorund the Formicid Earth Elementalist.
Press ? for a list of commands and other information.
Are you sure you want to abandon this character and quit the game? (Confirm with "yes".)

♣♣♣♣♣♣♣♣♣♣♣♣♣♣♣♣♣♣♣♣♣♣♣♣♣♣
♣......♣..................
♣................♣........
♣..._.................._..
♣..........._...._........
♣....................♣....
♣.....♣...................
♣.........................
♣....._..@.⌠....⌠...._....
♣.........................
♣.........................
♣.........................
♣........._...._..........
♣..._.................._..
♣.........................
♣.........................
♣♣♣♣♣♣♣♣♣♣♣♣♣♣♣ ♣♣♣♣♣♣♣


There were no monsters in sight!

Vanquished Creatures
  A two-headed ogre (D:6)
  Pikel (D:3)
  Grinder (D:5)
  Eustachio (D:5)
  3 sky beasts
  A phantom (D:5)
  An ogre (D:5)
  A centaur (D:5)
  3 scorpions
  4 wights (D:6)
  A howler monkey (D:5)
  A bullfrog zombie (D:3)
  An orc priest (D:5)
  A jelly (D:5)
  A hound (D:4)
  Jessica (D:3)
  Natasha (twice) (D:4)
  An orc wizard (D:5)
  3 worker ants (D:5)
  A hound skeleton (D:4)
  3 gnolls (D:2)
  6 adders
  A shadow imp (D:6)
  An adder skeleton (D:5)
  4 worms
  2 dart slugs
  5 leopard geckos
  6 orcs (D:5)
  14 bats
  2 giant cockroaches
  6 goblins
  10 hobgoblins
  10 jackals
  A quokka (D:2)
  8 frilled lizards
  2 kobolds (D:1)
  A quokka skeleton (D:5)
  12 rats
124 creatures vanquished.

Vanquished Creatures (others)
  A hound (D:4)
  Natasha (D:4)
  A worm (D:4)
3 creatures vanquished.

Grand Total: 127 creatures vanquished

Notes
Turn   | Place    | Note
-------+----------+-------------------------------------------
     0 | D:1      | Jorund the Formicid Earth Elementalist began the quest for
                  | the Orb.
     0 | D:1      | Reached XP level 1. HP: 13/13 MP: 3/3
   154 | D:1      | Reached skill level 4 in Earth Magic
   180 | D:1      | Reached XP level 2. HP: 19/19 MP: 3/5
   745 | D:1      | Reached XP level 3. HP: 24/24 MP: 2/6
  1141 | D:2      | Learned a level 2 spell: Passwall
  1145 | D:2      | Learned a level 3 spell: Stone Arrow
  1408 | D:2      | Reached XP level 4. HP: 30/30 MP: 5/8
  1651 | D:2      | Noticed a sky beast
  1771 | D:2      | Killed a sky beast
  1771 | D:2      | Reached skill level 1 in Conjurations
  1771 | D:2      | Reached skill level 5 in Earth Magic
  1771 | D:2      | Reached XP level 5. HP: 23/35 MP: 1/10
  1868 | D:2      | Found a glowing golden altar of the Shining One.
  2087 | D:2      | Reached XP level 6. HP: 41/41 MP: 3/12
  2499 | D:3      | Found a shadowy altar of Dithmenos.
  2690 | D:3      | Reached skill level 6 in Earth Magic
  3174 | D:3      | Noticed Jessica
  3177 | D:3      | Killed Jessica
  3291 | D:4      | Noticed Natasha
  3294 | D:4      | Killed Natasha
  3375 | D:4      | Reached skill level 1 in Maces & Flails
  3375 | D:4      | Reached XP level 7. HP: 46/46 MP: 6/13
  3499 | D:4      | Noticed Natasha
  3502 | D:4      | Killed Natasha
  3536 | D:4      | Noticed Pikel
  3554 | D:3      | Killed Pikel
  3554 | D:3      | Reached skill level 5 in Spellcasting
  3554 | D:3      | Reached XP level 8. HP: 45/52 MP: 1/15
  3690 | D:4      | Killed Natasha
  4080 | D:5      | Entered Level 5 of the Dungeon
  4089 | D:5      | Reached skill level 7 in Earth Magic
  4495 | D:5      | Got a brightly glowing turquoise ring
  4497 | D:5      | Identified the ring of Midnight {rC++ EV+3 Str+4 Dex+2}
                  | (You found it on level 5 of the Dungeon)
  4574 | D:5      | Noticed Eustachio
  4607 | D:5      | Killed Eustachio
  4607 | D:5      | Reached XP level 9. HP: 57/57 MP: 8/18
  4816 | D:5      | Reached skill level 5 in Conjurations
  4913 | D:5      | Noticed Grinder
  4977 | D:5      | Killed Grinder
  4977 | D:5      | Reached skill level 8 in Earth Magic
  5104 | D:5      | Learned a level 5 spell: Lee's Rapid Deconstruction
  5392 | D:6      | Found a staircase to the Ecumenical Temple.
  5511 | D:6      | Noticed a two-headed ogre
  5527 | D:6      | Killed a two-headed ogre
  5527 | D:6      | Reached skill level 9 in Earth Magic
  5527 | D:6      | Reached XP level 10. HP: 40/63 MP: 16/21
  5542 | Temple   | Entered the Ecumenical Temple
  5600 | Temple   | Quit the game

Levels and vault maps discovered:
D:1:      minmay_arrival_diagonal_passages, layout_basic, moated_statue,
          minmay_tromino_mix6
D:2:      layout_basic, lemuel_doored_altar
D:3:      layout_basic, grunt_dithmenos_smoke, first_ration, uniq_jessica
D:4:      layout_loops_ring, kennysheep_crisscross, minmay_misc_feat_columns,
          uniq_natasha, uniq_pikel
D:5:      layout_loops_cross, uniq_grinder, uniq_eustachio
D:6:      layout_basic, minmay_temple_entry_water_ring, chequers_big_river,
          minmay_crystal_room
Temple:   cyrus_temple_forest

Skill      XL: |  1  2  3  4  5  6  7  8  9 |
---------------+----------------------------+-----
Earth Magic    | 4 5 6 7 9 |  9.3
Spellcasting   | 3 4 5 6 7 |  7.6
Conjurations   | 1 2 4 6 |  6.0
Maces & Flails | 1 2 3 4 |  4.1
Dodging        | |  1.7
Stealth        | |  2.4
Transmutations | |  1.1
Evocations     | |  0.2

Action                   |  1- 3 |  4- 6 |  7- 9 | 10-12 || total
-------------------------+-------+-------+-------+-------++-------
Melee: Unarmed           |    12 |    14 |       |       ||    26
       Whip              |       |    92 |    65 |       ||   157
Throw: Dart              |       |     4 |     1 |       ||     5
 Cast: Sandblast         |    53 |    19 |    23 |       ||    95
       Stone Arrow       |       |    34 |    51 |       ||    85
 Abil: Dig               |       |       |     1 |       ||     1
Evoke: Wand              |       |       |    15 |     1 ||    16
  Use: Scroll            |     3 |     5 |     6 |       ||    14
 Stab: Sleeping          |       |     1 |     4 |       ||     5
       Paralysed         |       |       |     6 |       ||     6
  Eat: Chunk             |     2 |     6 |    17 |     6 ||    31
       Ration            |       |     1 |       |       ||     1
Armor: Robe              |    22 |    41 |    13 |       ||    76
Dodge: Dodged            |    31 |    96 |    45 |       ||   172

Table legend:
 A = Non-vault XP
 B = Vault XP
 C = Vault XP percentage of total XP
 D = Non-vault monster count
 E = Vault monster count
 F = Vault count percentage of total count
                 A         B        C        D         E       F
            +---------+---------+-------+---------+---------+-------
      Total |    2811 |    1169 |  29.4 |     117 |       7 |   5.6
            +---------+---------+-------+---------+---------+-------
        D:1 |      44 |       4 |   8.3 |      26 |       2 |   7.1
        D:2 |     241 |       0 |   0.0 |      29 |       0 |   0.0
        D:3 |     111 |     666 |  85.7 |      20 |       2 |   9.1
        D:4 |     179 |      35 |  16.4 |       8 |       1 |  11.1
        D:5 |     951 |     464 |  32.8 |      27 |       2 |   6.9
        D:6 |    1285 |       0 |   0.0 |       7 |       0 |   0.0
            +---------+---------+-------+---------+---------+-------
